 Dungeon Crawl Stone Soup version 0.27-a0-906-g0a00ce863d (webtiles) character file.

Game seed: 17218549809717001576

28 Chiseanne the Magician (level 3, 20/24 HPs)
             Began as a Demonspawn Hedge Wizard on Apr 7, 2021.
             Quit the game on level 2 of the Dungeon.
             The game lasted 00:01:39 (1189 turns).

Chiseanne the Magician (Demonspawn Hedge Wizard)    Turns: 1189, Time: 00:01:40

Health: 20/24      AC:  2    Str: 10    XL:     3   Next: 0%
Magic:  1/8        EV: 12    Int: 16    God:
Gold:   32         SH:  0    Dex: 12    Spells: 6/9 levels left

rFire    . . .     SeeInvis .   a - +0 short sword
rCold    . . .     Faith    .   (no shield)
rNeg     . . .     Spirit   .   b - +0 robe
rPois    .         Reflect  .   c - +0 hat
rElec    .         Harm     .   (no cloak)
rCorr    .         Rampage  .   (no gloves)
Will     .....                  (no boots)
Stlth    ++........             (no amulet)
HPRegen  0.08/turn              (no ring)
MPRegen  0.11/turn              (no ring)

@: no status effects
A: demonic guardian 1, foul stench 1
a: no special abilities


You were on level 2 of the Dungeon.
You visited 1 branch of the dungeon, and saw 2 of its levels.

You collected 32 gold pieces.

Inventory:

Hand Weapons
 a - a +0 short sword (weapon)
Missiles
 g - 64 stones
Armour
 b - a +0 robe (worn)
 c - a +0 hat (worn)
Scrolls
 d - a scroll of blinking
 e - a scroll of identify
Potions
 f - a potion of invisibility
 h - a potion of heal wounds


   Skills:
 - Level 1.7 Dodging
 - Level 1.7 Stealth
 * Level 3.5 Spellcasting
 * Level 2.2 Conjurations
 - Level 1.0 Summonings
 - Level 0.8 Translocations


You had 6 spell levels left.
You knew the following spells:

 Your Spells              Type           Power      Damage    Failure   Level
a - Magic Dart            Conj           36%        1d4       7%          1
b - Blink                 Tloc           N/A        N/A       19%         2

Your spell library contained the following spells:

 Spells                   Type           Power      Damage    Failure   Level
 Sandblast                Erth           4%         2d4       19%         1
 Call Imp                 Summ           6%         N/A       19%         2
 Passwall                 Tmut/Erth      1%         N/A       26%         2
 Slow                     Hex            2%         N/A       26%         2
 Conjure Flame            Conj/Fire      6%         6-21      34%         3
 Stone Arrow              Conj/Erth      12%        3d7       34%         3
 Mephitic Cloud           Conj/Pois/Air  5%         N/A       36%         3
 Petrify                  Tmut/Erth      2%         N/A       87%         4
 Lee's Rapid Deconstruct  Erth           1%         3d5*      99%         5


Dungeon Overview and Level Annotations

Branches:
Dungeon (2/15)

Altars:


Innate Abilities, Weirdness & Mutations

A weak demonic guardian rushes to your aid.
You may rarely emit foul miasma when damaged in melee.


Message History

Aim: a dart slug (heavily wounded, 0% to evade)
You miscast Magic Dart.
Nothing appears to happen.
Casting: Magic Dart (safe; 8% risk of failure)
Confirm with . or Enter, or press ? or * to list all spells.
Aiming: Magic Dart (safe; 8% risk of failure)
Press: ? - help, Shift-Dir - straight line, f/p - dart slug
Aim: a dart slug (heavily wounded, 0% to evade)
The magic dart hits the dart slug.
The dart slug is severely wounded.
The dart slug launches a dart at you. The slug dart hits you.
Casting: Magic Dart (safe; 8% risk of failure)
Confirm with . or Enter, or press ? or * to list all spells.
Aiming: Magic Dart (safe; 8% risk of failure)
Press: ? - help, Shift-Dir - straight line, f/p - dart slug
Aim: a dart slug (severely wounded, 0% to evade)
The magic dart hits the dart slug.
The dart slug is severely wounded.
Casting: Magic Dart (safe; 8% risk of failure)
Confirm with . or Enter, or press ? or * to list all spells.
You don't have enough magic to cast this spell.
Casting: Magic Dart (safe; 8% risk of failure)
Confirm with . or Enter, or press ? or * to list all spells.
You don't have enough magic to cast this spell.
Casting: Magic Dart (safe; 8% risk of failure)
Confirm with . or Enter, or press ? or * to list all spells.
You don't have enough magic to cast this spell.
Casting: Magic Dart (safe; 8% risk of failure)
Confirm with . or Enter, or press ? or * to list all spells.
You don't have enough magic to cast this spell.
Your magical contamination has completely faded away.
The dart slug closely misses you.
You hit the dart slug.
You kill the dart slug!
You have reached level 3!
Your experience leads to an increase in your attributes!
Increase (s)trength, (i)ntelligence, or (d)exterity?
You feel clever.
Your demonic ancestry asserts itself...
You feel the presence of a demonic guardian.
Are you sure you want to abandon this character and quit the game? (Confirm with "yes".)

#.#... #.#.?# ..w..# #....
## #... .. #..#.# #....#
#†### #.@.### ##....#
#...#.# #..##.# # #.....##
.# ########### ##.###.#
..#
#.....<...####.###.#...#.#
#.........+..#.#..........
#.........##.#.#.#......#.


There were no monsters in sight!

Vanquished Creatures
  A dart slug (D:2)
  5 bats
  2 giant cockroaches (D:1)
  2 goblins (D:1)
  A hobgoblin (D:1)
  4 jackals (D:1)
  2 kobolds (D:1)
  A ball python (D:1)
  2 frilled lizards (D:1)
  4 rats (D:1)
24 creatures vanquished.

Notes
Turn   | Place    | Note
-------+----------+-------------------------------------------
     0 | D:1      | Chiseanne the Demonspawn Hedge Wizard began the quest for
                  | the Orb.
     0 | D:1      | Reached XP level 1. HP: 13/13 MP: 4/4
   300 | D:1      | Gained mutation: You may rarely emit foul miasma when
                  | damaged in melee. [demonic ancestry]
   300 | D:1      | Reached XP level 2. HP: 19/19 MP: 1/6
  1131 | D:1      | Learned a level 2 spell: Blink
  1189 | D:2      | Gained mutation: A weak demonic guardian rushes to your
                  | aid. [demonic ancestry]
  1189 | D:2      | Reached XP level 3. HP: 20/24 MP: 1/8
  1189 | D:2      | Quit the game

Illustrated notes

Levels and vault maps discovered:
D:1:      shiori_arrival_elements, layout_basic, minmay_quantized
D:2:      layout_basic, basic_ecumenical_altar, ebering_dispersal_statue_hall

Skill      XL: |  1  2 |
---------------+-------+-----
Conjurations   | 2 |  2.2
Dodging        | |  1.7
Stealth        | |  1.7
Spellcasting   | |  3.5
Summonings     | |  1.0
Translocations | |  0.8

Action                   || total
-------------------------++-------
Melee: Dagger            ||     4
       Short sword       ||     1
 Cast: Magic Dart        ||    52
  Use: Scroll            ||     2
Armor: Robe              ||     4
Dodge: Dodged            ||     9

Table legend: (Time is in decaauts)
 A = Elapsed time spent in this place.
 B = Non-inter-level travel time spent in this place.
 C = Inter-level travel time spent in this place.
 D = Time resting spent in this place.
 E = Time spent auto-exploring this place.
 F = Levels seen in this place.
 G = Mean time per level.
                   A        B        C        D        E       F      G
               +--------+--------+--------+--------+--------+-----+--------+
         Total |   1188 |   1160 |     28 |      6 |   1003 |   2 |  594.0 |
       Dungeon |   1188 |   1160 |     28 |      6 |   1003 |   2 |  594.0 |
               +--------+--------+--------+--------+--------+-----+--------+

Top non-repeatable levels by time:
     D:1: 1134 daAuts
     D:2: 53 daAuts
